 Dungeon Crawl Stone Soup version 0.28-a0-957-g42eb19b844 (webtiles) character file.

Game seed: 4601862556406219545

9 Goblin1989 the Insei (level 2, 0/21 HPs)
             Began as a Demonspawn Transmuter on Nov 30, 2021.
             Slain by a quokka (4 damage)
             ... on level 1 of the Dungeon.
             The game lasted 00:02:12 (471 turns).

Goblin1989 the Insei (Demonspawn Transmuter)         Turns: 471, Time: 00:02:12

Health: 0/21       AC:  2    Str: 10    XL:     2   Next: 3%
Magic:  5/5        EV: 12    Int: 14    God:
Gold:   0          SH:  0    Dex: 13    Spells: 4/5 levels left

rFire   . . .      SeeInvis .     - Unarmed
rCold   . . .      Faith    .   (no shield)
rNeg    . . .      Spirit   .   a - +0 robe
rPois   .          Reflect  .   (helmet currently unavailable)
rElec   .          Harm     .   (no cloak)
rCorr   .          Rampage  .   (no gloves)
Will    .....                   (boots currently unavailable)
Stlth   +.........              (no amulet)
HPRegen 0.07/turn               (no ring)
MPRegen 0.18/turn               (no ring)

@: appendages (expiring)
A: horns 2, talons 2, magic regeneration
a: End Transformation


You were on level 1 of the Dungeon.
You had temporarily grown beastly horns and talons.
You visited 1 branch of the dungeon, and saw 1 of its levels.

Inventory:

Missiles
 b - 5 boomerangs
Armour
 a - a +0 robe (worn)
Scrolls
 d - a scroll of vulnerability {unknown}
Potions
 c - a potion of mutation {unknown}


   Skills:
 - Level 1.0 Fighting
 - Level 1.7 Dodging
 - Level 2.6 Unarmed Combat
 + Level 2.3 Spellcasting
 + Level 2.1 Transmutations


You had 4 spell levels left.
You knew the following spells:

 Your Spells              Type           Power      Damage    Failure   Level
a - Beastly Appendage     Tmut           14%        N/A       10%         1

Your spell library contained the following spells:

 Spells                   Type           Power      Damage    Failure   Level
 Wereblood                Tmut           7%         N/A       14%         2
 Spider Form              Tmut/Pois      4%         N/A       41%         3
 Ice Form                 Ice/Tmut       4%         N/A       82%         4


Dungeon Overview and Level Annotations

Branches:
Dungeon (1/15)

Altars:


Innate Abilities, Weirdness & Mutations

You have temporarily grown beastly horns and talons.
You regenerate magic rapidly.


Message History

Casting: Beastly Appendage (safe; 10% risk of failure)
Confirm with . or Enter, or press ? or * to list all spells.
You grow a pair of large bovine horns.
Your feet morph into talons.
You now have 2/3 mp.
The hobgoblin misses you.
You barely miss the hobgoblin. Your headbutt misses the hobgoblin.
The hobgoblin hits you but does no damage.
You hit the hobgoblin.
The hobgoblin is moderately wounded.
The hobgoblin closely misses you.
You hit the hobgoblin but do no damage. Your kick misses the hobgoblin.
The hobgoblin is moderately wounded.
The hobgoblin misses you.
You hit the hobgoblin.
You kill the hobgoblin!
No target in view!
You start resting.
Your transformation is almost over.
You see here a hobgoblin corpse.
MP restored: 3 You see here a +0 dagger.
Your horns disappear.
Your talons disappear.
A quokka comes into view.
The ball python bites you. The ball python barely misses you.
You take 2 damage, and have 13/15 hp.
The ball python bites you. The ball python grabs you.
The ball python constricts you.
You take 2 damage, and have 11/15 hp.
You escape the ball python's grasp.
You see here a +0 dagger.
The ball python bites you. The ball python closely misses you.
You take 2 damage, and have 10/15 hp.
You see here a hobgoblin corpse.
Casting: Beastly Appendage (safe; 10% risk of failure)
Confirm with . or Enter, or press ? or * to list all spells.
You grow a pair of large bovine horns.
Your feet morph into talons.
The ball python bites you. The ball python closely misses you.
The ball python bites you. The ball python misses you.
You take 3 damage, and have 7/15 hp.
You now have 2/3 mp.
You closely miss the ball python. You claw the ball python.
The ball python is severely wounded.
Your transformation is almost over.
The ball python misses you. The ball python closely misses you.
You closely miss the ball python.
The ball python is severely wounded.
The ball python bites you but does no damage.
The ball python misses you.
You hit the ball python.
You kill the ball python!
You have reached level 2!
Your demonic ancestry asserts itself...
Your magic begins to regenerate rapidly.
You regained 3 hp, and now have 10/21 hp.
Unknown command.
You start resting.
Your horns disappear.
Your talons disappear.
MP restored: 5 You start resting.
HP restored.
Health restored: 21 Unknown command.
Things that are here:
a ball python corpse; a hobgoblin corpse You see here a +0 dagger.
You see here a +0 rapier.
Casting: Beastly Appendage (safe; 10% risk of failure)
Confirm with . or Enter, or press ? or * to list all spells.
You grow a pair of large bovine horns.
Your feet morph into talons.
You now have 4/5 mp.
The quokka bites you.
You take 2 damage, and have 19/21 hp.
You barely miss the quokka. Your kick misses the quokka.
The quokka bites you. x2
You take 3 damage, and have 16/21 hp.
You barely miss the quokka. Your kick misses the quokka.
Your punch misses the quokka. The quokka completely misses you.
You barely miss the quokka. Your headbutt misses the quokka.
The quokka barely misses you.
MP restored: 5 You barely miss the quokka.
The quokka bites you.
You take 4 damage, and have 12/21 hp.
You closely miss the quokka. Your headbutt misses the quokka.
The quokka barely misses you.
You barely miss the quokka. Your kick misses the quokka. The quokka bites you.
* * * LOW HITPOINT WARNING * * *
You take 4 damage, and have 8/21 hp.
You barely miss the quokka.
Your transformation is almost over.
The quokka bites you.
* * * LOW HITPOINT WARNING * * *
You hit the quokka. Your kick misses the quokka.
The quokka is severely wounded.
The quokka bites you.
* * * LOW HITPOINT WARNING * * *
You take 4 damage, and have 4/21 hp.
You hit the quokka but do no damage. Your kick misses the quokka.
Your headbutt misses the quokka.
The quokka is severely wounded.
The quokka bites you.
You die...

█████.█......██ ...█
█.██.█████ ..██ █.██.█
█..█ █.██.█ █ █..█ █.
█.███ ██ █..████ ....█
.████ █...█ ██.█.███
....██ █.█.████......█
███..███.......)@r...█
.†....)....█.███.█...█
███████..............█
████.█.███.█...█
█.█.█[█.█..██
█.█.███.█ ...
█.........██.█
█.█.███.█. .. ..


You could see a quokka.

Vanquished Creatures
  A ball python (D:1)
  A giant cockroach (D:1)
  2 hobgoblins (D:1)
  A kobold (D:1)
  A bat (D:1)
  2 rats (D:1)
8 creatures vanquished.

Notes
Turn   | Place    | Note
-------+----------+-------------------------------------------
     0 | D:1      | Goblin1989 the Demonspawn Transmuter began the quest for
                  | the Orb.
     0 | D:1      | Reached XP level 1. HP: 15/15 MP: 3/3
   290 | D:1      | Gained mutation: You regenerate magic rapidly. [demonic
                  | ancestry]
   290 | D:1      | Reached XP level 2. HP: 10/21 MP: 3/5
   471 | D:1      | Slain by a quokka

Illustrated notes

Levels and vault maps discovered:
D:1:      scummos_arrival_star, layout_rooms, minmay_surrounded

Skill      XL: |  1 |
---------------+----+-----
Transmutations | 2 |  2.1
Fighting       | |  1.0
Dodging        | |  1.7
Unarmed Combat | |  2.6
Spellcasting   | |  2.3

Action                   || total
-------------------------++-------
Melee: Unarmed           ||    27
       Kick              ||     4
       Headbutt          ||     2
 Cast: Beastly Appendage ||     8
Armor: Robe              ||     8
Dodge: Dodged            ||    19

Table legend: (Time is in decaauts)
 A = Elapsed time spent in this place.
 B = Non-inter-level travel time spent in this place.
 C = Inter-level travel time spent in this place.
 D = Time resting spent in this place.
 E = Time spent auto-exploring this place.
 F = Levels seen in this place.
 G = Mean time per level.
                   A        B        C        D        E       F      G
               +--------+--------+--------+--------+--------+-----+--------+
         Total |    469 |    469 |      0 |    151 |    178 |   1 |  469.0 |
       Dungeon |    469 |    469 |      0 |    151 |    178 |   1 |  469.0 |
               +--------+--------+--------+--------+--------+-----+--------+

Top non-repeatable levels by time:
     D:1: 469 daAuts
